 Dungeon Crawl Stone Soup version 0.31-a0-233-g139696dc86 (webtiles) character file.

Game seed: 17432817034878102128

431 qw the Shooter (level 6, -7/53 HPs)
             Began as a Minotaur Hexslinger on July 9, 2023.
             Mangled by an iguana (13 damage)
             ... on level 4 of the Dungeon.
             The game lasted 00:01:19 (3353 turns).

qw the Shooter (Minotaur Hexslinger)                Turns: 3353, Time: 00:01:20

Health: -7/53      AC:  4    Str: 12    XL:     6   Next: 67%
Magic:  6/6        EV: 12    Int: 10    God:
Gold:   16         SH:  0    Dex: 15    Spells: 6/7 levels left

rFire   . . .        Y - +1 sling
rCold   + . .        (no shield)
rNeg    . . .        b - +2 robe of Cinosoet {rC+ SInv}
rPois   .            (helmet restricted)
rElec   .            (no cloak)
rCorr   .            (no gloves)
SInv    +            (no boots)
Will    +....        (no amulet)
Stlth   +            k - ring of willpower
HPRegen 0.28/turn    (no ring)
MPRegen 0.10/turn

%: no passive effects
@: no status effects
A: horns 2, retaliatory headbutt
a: no special abilities


You were on level 4 of the Dungeon.
You visited 1 branch of the dungeon, and saw 4 of its levels.

You collected 176 gold pieces.
You spent 160 gold pieces at shops.


Innate Abilities, Weirdness & Mutations

You have a pair of horns on your head.
You reflexively headbutt those who attack you in melee.


   Skills:
 - Level 4.4 Fighting
 + Level 6.6 Ranged Weapons
 - Level 1.4 Armour
 - Level 2.1 Dodging
 - Level 1.0 Spellcasting
 - Level 2.0 Hexes


You had 6 spell levels left.
You knew the following spells:

 Your Spells              Type           Power      Damage    Failure   Level
a - Slow                  Hex            16%        N/A       16%         1

Your spell library contained the following spells:

 Spells                   Type           Power      Damage    Failure   Level
 Inner Flame              Hex/Fire       2%         N/A       56%         3
 Portal Projectile        Hex/Tloc       4%         N/A       56%         3
 Cause Fear               Hex            2%         N/A       83%         4

Inventory:

Hand Weapons
 Y - a +1 sling (weapon)
Armour
 b - the +2 robe of Cinosoet (worn) {rC+ SInv}
   (You found it on level 3 of the Dungeon)

   rC:        It protects you from cold.
   SInv:      It lets you see invisible.
 c - a +1 ring mail of fire resistance
Jewellery
 k - a ring of willpower (left hand)
Scrolls
 d - 3 scrolls of identify
Potions
 a - 2 potions of curing {unknown}
 f - 2 potions of enlightenment
 i - a potion of mutation {unknown}
 j - a potion of heal wounds {unknown}

Dungeon Overview and Level Annotations

Branches:
Dungeon (4/15)
 Temple: D:4-7

Altars:
Sif Muna
Trog

Shops:
D:2 [   D:4 *


Message History

The sling bullet hits the iguana but does no damage.
The iguana is severely wounded.
The iguana bites you.
You shoot a sling bullet.
The sling bullet closely misses the iguana.
The iguana bites you.
You shoot a sling bullet. The sling bullet hits the iguana.
The iguana is almost dead.
The iguana bites you but does no damage.
You shoot a sling bullet.
The sling bullet closely misses the iguana.
The iguana barely misses you.
You shoot a sling bullet.
The sling bullet barely misses the iguana.
The iguana barely misses you.
You shoot a sling bullet.
The sling bullet hits the iguana but does no damage.
The iguana is almost dead.
The iguana closely misses you.
You shoot a sling bullet.
The sling bullet hits the iguana but does no damage.
The iguana is almost dead.
The iguana misses you.
You shoot a sling bullet. The sling bullet hits the iguana.
The iguana is almost dead.
The iguana barely misses you.
You shoot a sling bullet.
The sling bullet barely misses the iguana.
The iguana barely misses you.
You shoot a sling bullet.
The sling bullet closely misses the iguana.
The iguana bites you! The iguana bites you.
You shoot a sling bullet.
The sling bullet closely misses the iguana.
The iguana bites you!
You shoot a sling bullet.
The sling bullet hits the iguana but does no damage.
The iguana is almost dead.
The iguana bites you!
You die...

...#.#.#
...#...(
#.
...###..
#. ##.#
#.## #.
##.# #..
#. ##.# #.
#. ##.# #.
...#
#.#######
...#
#.@.....#
##.#
#l#.###.#
...#
#.#.###.#
#..#
#.#..##.#
#..#
#.##.##.#
...#
#.##.##.#
#.##
#.......#
>..#######
####.####
.........#
#.#


You could see an iguana.

Vanquished Creatures
  An ice beast (D:3)
  A water moccasin zombie (D:3)
  An iguana (D:4)
  2 scorpion zombies (D:3)
  An orc wizard (D:4)
  A hound skeleton (D:3)
  A howler monkey zombie (D:3)
  A howler monkey skeleton (D:3)
  7 adders
  An adder zombie (D:3)
  An adder skeleton (D:3)
  2 dart slugs (D:1)
  2 orcs (D:4)
  8 endoplasms
  3 giant cockroaches
  15 goblins
  3 hobgoblins
  A quokka (D:2)
  10 ball pythons
  5 bats
  2 frilled lizards (D:1)
  6 kobolds
  A quokka skeleton (D:3)
  A quokka zombie (D:3)
  4 rats
81 creatures vanquished.

Notes
Turn   | Place    | Note
-------+----------+-------------------------------------------
     0 | D:1      | qw the Minotaur Hexslinger began the quest for the Orb.
     0 | D:1      | Reached XP level 1. HP: 16/16 MP: 1/1
     0 | D:1      | 0 ||| qw: Version: 0.3-a-51-g015441d
     0 | D:1      | 0 ||| qw: Game counter: 3831
     0 | D:1      | 0 ||| qw: Melee chars always use a shield: true
     0 | D:1      | 0 ||| qw: God list: Okawaru
     0 | D:1      | 0 ||| qw: Allow faded altars: false
     0 | D:1      | 0 ||| qw: Do Orc after clearing Dungeon:15 true
     0 | D:1      | 0 ||| qw: Do second Lair branch before Depths: true
     0 | D:1      | 0 ||| qw: Lair rune preference: random
     0 | D:1      | 0 ||| qw: Goals: Normal
     0 | D:1      | 0 ||| PLANNING D:1-11
   240 | D:1      | Reached skill level 3 in Ranged Weapons
   240 | D:1      | Reached XP level 2. HP: 23/23 MP: 2/2
   975 | D:1      | 975 ||| UPGRADING to +0 ring mail.
   985 | D:1      | 985 ||| DROPPING +0 robe.
   986 | D:1      | 986 ||| READING scroll labelled DETUCK UVABOCS.
   987 | D:1      | 987 ||| READING 2 scrolls labelled XUUSOE WIWUINK.
   991 | D:1      | 991 ||| DRINKING 3 viscous silvery potions.
   992 | D:1      | 992 ||| DROPPING scroll of poison.
   993 | D:1      | 993 ||| DROPPING 2 potions of degeneration.
  1041 | D:2      | Reached XP level 3. HP: 29/29 MP: 3/3
  1267 | D:2      | Found Aloahoaceo's Armour Shop.
  1411 | D:2      | Reached skill level 4 in Ranged Weapons
  1530 | D:2      | Reached skill level 1 in Armour
  1530 | D:2      | 1530 ||| FLEEEEING.
  1531 | D:2      | 1531 ||| FLEEEEING.
  1532 | D:2      | 1532 ||| FLEEEEING.
  1533 | D:2      | 1533 ||| FLEEEEING.
  1534 | D:2      | 1534 ||| FLEEEEING.
  1535 | D:2      | 1535 ||| FLEEEEING.
  1536 | D:2      | 1536 ||| FLEEEEING.
  1537 | D:2      | 1537 ||| FLEEEEING.
  1538 | D:2      | 1538 ||| FLEEEEING.
  1539 | D:2      | 1539 ||| FLEEEEING.
  1540 | D:2      | 1540 ||| FLEEEEING.
  1541 | D:2      | 1541 ||| FLEEEEING.
  1542 | D:2      | 1542 ||| FLEEEEING.
  1543 | D:2      | 1543 ||| FLEEEEING.
  1544 | D:2      | 1544 ||| FLEEEEING.
  1778 | D:2      | Reached XP level 4. HP: 33/36 MP: 4/4
  1960 | D:2      | 1960 ||| READING scroll labelled YJELUN HUGIMN.
  1961 | D:2      | 1961 ||| READING scroll labelled ARINUV QOMUNUT.
  2051 | D:3      | Identified the +2 robe of Cinosoet {rC+ SInv}
  2105 | D:3      | Reached skill level 5 in Ranged Weapons
  2143 | D:3      | Identified the +3 rapier of Discretion {freeze, rN+}
  2155 | D:3      | Found a shimmering blue altar of Sif Muna.
  2322 | D:3      | Reached XP level 5. HP: 34/42 MP: 5/5
  2362 | D:3      | Noticed an ice beast
  2373 | D:3      | HP: 6/42 [ice beast (9)]
  2373 | D:3      | Killed an ice beast
  2374 | D:3      | 2374 ||| READING scroll of teleportation.
  2655 | D:3      | Reached XP level 6. HP: 50/53 MP: 6/6
  2890 | D:3      | 2890 ||| UPGRADING to +2 robe of Cinosoet {rC+ SInv}.
  2900 | D:3      | 2900 ||| DROPPING +0 ring mail.
  2901 | D:3      | 2901 ||| UPGRADING to ring of willpower.
  2902 | D:3      | 2902 ||| READING 2 scrolls labelled JIESTR VENNAST.
  2903 | D:3      | 2903 ||| READING scroll labelled POUTWATASU.
  2904 | D:3      | 2904 ||| READING scroll labelled USAIMI FAORGHA.
  2905 | D:3      | 2905 ||| DRINKING 2 viscous cyan potions.
  2906 | D:3      | 2906 ||| DRINKING 2 grey potions.
  2907 | D:3      | 2907 ||| READING 2 scrolls of identify.
  2907 | D:3      | 2907 ||| IDENTIFYING smoky golden potion
  2908 | D:3      | 2908 ||| DROPPING scroll of summoning.
  2909 | D:3      | 2909 ||| DROPPING potion of magic.
  2910 | D:3      | 2910 ||| DROPPING potion of brilliance.
  2949 | D:4      | Reached skill level 6 in Ranged Weapons
  3026 | D:4      | Found a bloodstained altar of Trog.
  3185 | D:4      | Found Myofex's Fire Supplies.
  3193 | D:4      | 3193 ||| BUYING +1 ring mail of fire resistance (160 gold).
  3193 | D:4      | Bought a +1 ring mail of fire resistance for 160 gold
                  | pieces
  3193 | D:4      | 3193 ||| SHOPLISTING ring of protection from fire (250
                  | gold, have 16).
  3352 | D:4      | HP: 6/53 [iguana (10)]
  3353 | D:4      | Mangled by an iguana

Levels and vault maps discovered:
D:1:      saegor_arrival_simple_e, layout_basic
D:2:      layout_loops_corners, serial_shops, shop
D:3:      layout_basic, nicolae_sif_muna_little_library, serial_undead,
          serial_undead_c, serial_undead_d, serial_undead_c, serial_undead_f,
          serial_undead_a, serial_undead_b, serial_undead_f,
          dreamdust_mushroom_princess, chequers_jeans
D:4:      layout_loops_cross, trog_book, nicolae_shop_fire_sale
          [nicolae_sub_dead_trees], kennysheep_generic_room_12

Skill      XL: |  1  2  3  4  5  6 |
---------------+-------------------+-----
Ranged Weapons | 3 4 5 6 |  6.6
Fighting       | 2 4 |  4.4
Armour         | 1 |  1.4
Dodging        | |  2.1
Spellcasting   | |  1.0
Hexes          | |  2.0

Action                     |  1- 3 |  4- 6 || total
---------------------------+-------+-------++-------
   Fire: Sling             |   119 |   187 ||   306
    Use: Scroll            |     2 |     7 ||     9
         Potion            |     1 |     2 ||     3
 Armour: Robe              |     2 |    11 ||    13
         Ring mail         |    18 |    19 ||    37
  Dodge: Dodged            |    26 |    62 ||    88

Table legend:
 A = Non-vault XP
 B = Vault XP
 C = Vault XP percentage of total XP
 D = Non-vault monster count
 E = Vault monster count
 F = Vault count percentage of total count
                 A         B        C        D         E       F
            +---------+---------+-------+---------+---------+-------
      Total |     406 |     211 |  34.2 |      71 |      10 |  12.3
            +---------+---------+-------+---------+---------+-------
        D:1 |      40 |       0 |   0.0 |      23 |       0 |   0.0
        D:2 |      69 |       0 |   0.0 |      20 |       0 |   0.0
        D:3 |     153 |     211 |  58.0 |      13 |      10 |  43.5
        D:4 |     144 |       0 |   0.0 |      15 |       0 |   0.0
            +---------+---------+-------+---------+---------+-------
